 Dungeon Crawl Stone Soup version 0.32-a0-599-gba8f9cf90e (webtiles) character file.

Game seed: 17283580235203799891

19034 runemasterragnar the Thrower (level 12, -7/97 HPs)
             Began as a Coglin Gladiator on Mar 2, 2024.
             Was a High Priest of Okawaru.
             Mangled by a large abomination (18 damage)
             ... on level 1 of the Abyss.
             The game lasted 00:15:00 (10666 turns).

runemasterragnar the Thrower (Coglin Gladiator)    Turns: 10666, Time: 00:15:01

Health: -7/97      AC: 22    Str: 16    XL:     12   Next: 64%
Magic:  12/12      EV: 10    Int: 10    God:    Okawaru [*****.]
Gold:   1070       SH:  0    Dex: 18    Spells: 11/11 levels left

rFire   + . .        E - +8 mace "Fataryir" {flame, Int+3}
rCold   + . .        w - +2 flail (protect) {Francisca}
rNeg    . . .        b - +3 scale mail {rF+}
rPois   .            c - +1 helmet
rElec   .            j - +0 cloak
rCorr   .            M - +1 pair of gloves
SInv    .            n - +0 pair of boots of Okawaru's Grace {rC+ Str+2}
Will    .....        (amulet unavailable) Stlth
                     (ring unavailable)
HPRegen 0.36/turn    (ring unavailable)
MPRegen 0.13/turn    (no gizmo)

%: random rage (9%)
@: under a protective aura, on berserk cooldown, revved
A: off-hand wielding, slow wielding, warmup strikes, no jewellery, [berserk 2],
[deterioration 2], [weak 2]
a: Invent Gizmo, Renounce Religion, Heroism, Finesse, Duel


You were on level 1 of the Abyss.
You worshipped Okawaru.
Okawaru was extremely pleased with you.
You visited 2 branches of the dungeon, and saw 11 of its levels.
You visited the Abyss 1 time.
You also visited: Ossuary.

You collected 1070 gold pieces.

Inventory:

Hand Weapons
 a - a +1 war axe {Suni}
 f - a +0 dagger {Hong}
 q - a +0 hand axe {Jinae}
 r - a +2 dagger of speed
 w - a +2 flail of protection (offhand) {Francisca}
 E - the +8 mace "Fataryir" (weapon) {flame, Int+3}
   (You found it on level 5 of the Dungeon)

   Int+3:     It affects your intelligence (+3).
Missiles
 d - 3 throwing nets
 e - 3 javelins
 F - 10 boomerangs (quivered)
 G - 18 poisoned darts
Armour
 b - a +3 scale mail of fire resistance (worn)
 c - a +1 helmet (worn)
 g - a +0 pair of boots
 j - a +0 cloak (worn)
 n - the +0 pair of boots of Okawaru's Grace (worn) {rC+ Str+2}
   (You found it on level 10 of the Dungeon)

   Str+2:     It affects your strength (+2).
   rC+:       It protects you from cold.
 L - the +5 leather armour of Fagiq {rC+ Str+4}
   (You found it on level 7 of the Dungeon)

   Str+4:     It affects your strength (+4).
   rC+:       It protects you from cold.
 M - a +1 pair of gloves (worn)
Talismans
 p - a blade talisman
Wands
 i - a wand of flame (57)
 u - a wand of digging (6)
 B - a wand of charming (9)
 C - a wand of polymorph (15)
 Q - a wand of iceblast (4)
Scrolls
 h - 2 scrolls of enchant armour
 k - a scroll of fear
 l - 3 scrolls of teleportation
 o - 2 scrolls of summoning
 y - a scroll of torment
 I - a scroll of immolation
 J - a scroll of silence
 K - 2 scrolls of identify
 P - a scroll of amnesia
Potions
 m - a potion of haste
 s - 3 potions of curing
 t - a potion of might
 v - 2 potions of heal wounds
 x - 2 potions of degeneration
 z - a potion of attraction
 A - 3 potions of brilliance
 D - 2 potions of enlightenment
 H - 8 potions of ambrosia
 R - a potion of lignification
 S - a potion of cancellation
Miscellaneous
 N - a lightning rod (4/4)
 O - a phantom mirror


   Skills:
 - Level 10.1 Fighting
 - Level 9.3(11.5) Axes
 - Level 9.8(11.2) Maces & Flails
 * Level 13.7 Throwing
 - Level 2.6 Dodging


You had 11 spell levels left.
You didn't know any spells.
Your spell library contained the following spells:

 Spells                   Type           Power      Damage    Failure   Level
 Freeze                   Ice            0%         1d3       82%         1
 Sandblast                Erth           0%         2d4       82%         1
 Sting                    Conj/Alch      0%         1d3       82%         1
 Jinxbite                 Hex            0%         N/A       91%         2
 Lesser Beckoning         Tloc           0%         N/A       91%         2
 Mercury Vapours          Alch/Air       0%         N/A       91%         2
 Static Discharge         Conj/Air       0%         3-3/arc   91%         2
 Frozen Ramparts          Ice            0%         1d1       99%         3
 Gell's Gravitas          Tloc           0%         N/A       99%         3
 Hailstorm                Conj/Ice       0%         3d5       99%         3
 Passwall                 Erth           0%         N/A       99%         3
 Stone Arrow              Conj/Erth      0%         3d7       99%         3
 Teleport Other           Tloc           0%         N/A       99%         3
 Airstrike                Air            0%         2d(0-16)  100%        4
 Brom's Barrelling Bould  Conj/Erth      0%         2d3       100%        4
 Olgreb's Toxic Radiance  Alch           0%         N/A       100%        4
 Vhi's Electric Charge    Tloc/Air       0%         N/A       100%        4
 Arcjolt                  Conj/Air       0%         1d10      100%        5
 Iskenderun's Battlesphe  Conj           0%         2d6       100%        5
 Yara's Violent Unravell  Hex/Alch       0%         3d3       100%        5
 Bombard                  Conj/Erth      0%         9d1       100%        6
 Dispersal                Tloc           0%         N/A       100%        6
 Plasma Beam              Fire/Air       0%         2x1d10    100%        6
 Enfeeble                 Hex            0%         N/A       100%        7
 Summon Lightning Spire   Summ/Air       Unusable   N/A       N/A         4
 Spellforged Servitor     Conj/Summ      Unusable   N/A       N/A         7

Dungeon Overview and Level Annotations

Branches:
Dungeon (10/15)            Temple (1/1) D:7            Lair (0/5) D:9
Ossuary (visited)
    Orc: D:9-12

Altars:
Ashenzari
Cheibriados
Dithmenos
Elyvilon
Fedhas
Gozag
Hepliaklqana
Kikubaaqudgha
Makhleb
Nemelex Xobeh
Okawaru
Qazlal
Ru
Sif Muna
Trog
Uskayaw
Vehumet
Wu Jian
Xom
Yredelemnul
Zin
The Shining One

Shops:
D:2 [

Annotations:
D:10 Sonja


Innate Abilities, Weirdness & Mutations

You can wield a second weapon in your off-hand.
It takes a long time for you to wield or remove held weapons.
Your first few attacks do less damage.
You cannot equip rings or amulets.
[You have an uncontrollable temper.]
[Your body often deteriorates upon taking damage.]
[You are very weak. (Str -4)]


Message History

You feel yourself speed up.
The quasit gives a chilling moan.
A large abomination comes into view.
The quasit bites you but does no damage.
The quasit claws you but does no damage.
The quasit barely misses you.
You hit the quasit with the +8 mace "Fataryir".
The quasit is heavily wounded.
You closely miss the quasit with your +2 flail of protection.
The quasit bites you but does no damage.
The quasit claws you but does no damage.
The quasit barely misses you.
You closely miss the quasit with your +2 flail of protection.
The quasit is heavily wounded.
You miss the quasit with the +8 mace "Fataryir".
The quasit bites you but does no damage.
The quasit claws you but does no damage. x2
You barely miss the quasit with your +2 flail of protection.
The quasit is heavily wounded.
You sock the quasit with the +8 mace "Fataryir"!
You burn the quasit.
You kill the quasit!
Okawaru accepts your kill. The large abomination hits you!!
* * * LOW HITPOINT WARNING * * *
You hit the large abomination with your +2 flail of protection.
Your weapon exudes an aura of protection.
The large abomination is lightly damaged.
You hit the large abomination with the +8 mace "Fataryir".
You burn the large abomination.
You hit the large abomination with your +2 flail of protection.
The large abomination is moderately damaged.
You hit the large abomination with the +8 mace "Fataryir".
You burn the large abomination. The large abomination hits you!
* * * LOW HITPOINT WARNING * * *
You hit the large abomination with your +2 flail of protection.
The large abomination is heavily damaged.
You hit the large abomination with the +8 mace "Fataryir".
You burn the large abomination. The large abomination hits you!!
You die...

.. ..## # . #..
§# . ......## ..
..# . . ...#...
.## #... # # .
.......†##.# ##
# . .. ..#†.#.#
..# .. .#.
##.#§.#...#....
.
.##....#...#..#♣
#. .
#.#...#X....# .
.. ##..@# ...
####..#### #.#
.. ... #.# . .
#.. #.# . .# ##
. #


You could see a large abomination.

Vanquished Creatures
  A hydra (D:10)
  A centaur warrior (D:10)
  A two-headed ogre (D:10)
  2 tengu warriors (D:10)
  A wretched star (Abyss:1)
  An ugly thing (D:10)
  2 manticores
  2 unseen horrors
  A rime drake (D:9)
  A freezing wraith (D:10)
  A kobold demonologist (D:10)
  4 unseen horror zombies (D:9)
  4 trolls (D:10)
  A queen bee (D:9)
  2 hornets
  3 raiju (Abyss:1)
  A vampire (D:10)
  2 wyverns (D:10)
  A shadow (D:10)
  19 yaks
  3 steam dragons
  Menkaure (D:5)
  A vampire mosquito (D:10)
  Edmund (D:6)
  2 water moccasins
  6 ice beasts
  3 orc warriors (D:10)
  2 black bears
  2 ogres
  A laughing skull (D:10)
  A hornet zombie (D:9)
  2 wolves (D:9)
  5 centaurs
  2 phantoms (D:4)
  Blork the orc (D:4)
  3 kobold brigands
  A bullfrog (D:7)
  A scorpion (D:4)
  A wyvern zombie (D:9)
  12 wights
  28 killer bees
  5 centaur zombies (D:9)
  5 howler monkeys
  2 bombardier beetles
  3 hounds
  A quasit (Abyss:1)
  2 orc priests
  A sleepcap (D:6)
  Jessica (D:3)
  4 iguanas
  Crazy Yiuf (D:3)
  11 orc wizards
  8 mummies (Ossuary)
  3 howler monkey zombies (D:9)
  Robin (D:3)
  5 adders
  2 shadow imps
  2 white imps
  A howler monkey simulacrum (D:10)
  2 ufetubi (D:6)
  A dart slug (D:3)
  3 ribbon worms (D:2)
  19 orcs
  8 ball pythons
  A bat (D:1)
  6 endoplasms
  2 giant cockroaches
  24 goblins
  5 hobgoblins
  4 jackals (D:4)
  3 quokkas
  2 gnoll zombies (Ossuary)
  2 hobgoblin zombies (Ossuary)
  23 kobolds
  A kobold zombie (Ossuary)
  3 orc zombies (Ossuary)
  6 rats
303 creatures vanquished.

Vanquished Creatures (others)
  A lurking horror (Abyss:1)
1 creature vanquished.

Grand Total: 304 creatures vanquished

Notes
Turn   | Place    | Note
-------+----------+-------------------------------------------
     0 | D:1      | runemasterragnar the Coglin Gladiator began the quest for
                  | the Orb.
     0 | D:1      | Reached XP level 1. HP: 16/16 MP: 1/1
   141 | D:1      | Reached XP level 2. HP: 22/22 MP: 2/2
   620 | D:2      | Reached XP level 3. HP: 28/28 MP: 3/3
   662 | D:2      | Found Zidufikku's Armour Shoppe.
  1111 | D:2      | Reached XP level 4. HP: 34/34 MP: 4/4
  1572 | D:3      | Noticed Robin
  1576 | D:3      | Killed Robin
  1586 | D:3      | Reached XP level 5. HP: 22/41 MP: 5/5
  1718 | D:3      | Noticed Jessica
  1721 | D:3      | Killed Jessica
  1722 | D:3      | Reached skill level 5 in Axes
  1968 | D:3      | Found a runed translucent door.
  1969 | D:3      | Noticed Crazy Yiuf
  2111 | D:3      | Killed Crazy Yiuf
  2182 | D:4      | Noticed a phantom
  2189 | D:4      | Killed a phantom
  2190 | D:4      | Reached XP level 6. HP: 45/48 MP: 6/6
  2262 | D:4      | Noticed Blork the orc
  2286 | D:4      | Killed Blork the orc
  2287 | D:4      | Reached XP level 7. HP: 12/55 MP: 7/7
  2884 | D:4      | Reached skill level 5 in Fighting
  3177 | D:5      | Entered Level 5 of the Dungeon
  3212 | D:5      | Reached XP level 8. HP: 29/63 MP: 8/8
  3355 | D:5      | Found a broken altar of Ashenzari.
  3365 | D:5      | Found a sand-covered staircase.
  3405 | Ossuary  | Entered an ossuary
  3750 | D:5      | Noticed Menkaure
  3757 | D:5      | Killed Menkaure
  4034 | D:5      | Identified the +8 mace "Fataryir" {flame, Int+3}
  4250 | D:6      | Reached skill level 1 in Maces & Flails
  4360 | D:6      | Found a stormy altar of Qazlal.
  4362 | D:6      | Noticed an air elemental
  4363 | D:6      | Noticed a water elemental
  4382 | D:6      | Reached XP level 9. HP: 71/71 MP: 9/9
  4649 | D:6      | Noticed Edmund
  4657 | D:6      | Killed Edmund
  4677 | D:6      | Found an ornate altar of the Wu Jian Council.
  5219 | D:7      | Found a staircase to the Ecumenical Temple.
  5247 | Temple   | Entered the Ecumenical Temple
  5256 | Temple   | Became a worshipper of Warmaster Okawaru
  5415 | D:7      | Identified the +5 leather armour of Fagiq {rC+ Str+4}
  5477 | D:7      | Reached skill level 5 in Maces & Flails
  5507 | D:7      | Found a basalt altar of Yredelemnul.
  5537 | D:7      | Found a radiant altar of Vehumet.
  5648 | D:7      | You fall into a shaft and drop 1 floor!
  5705 | D:8      | Found a snail-covered altar of Cheibriados.
  5715 | D:8      | Noticed a manticore
  5731 | D:8      | Killed a manticore
  5731 | D:8      | Reached * piety under Okawaru
  5842 | D:8      | Found an ancient bone altar of Kikubaaqudgha.
  5934 | D:8      | Reached XP level 10. HP: 79/80 MP: 10/10
  5969 | D:8      | Found a shimmering blue altar of Sif Muna.
  5975 | D:8      | Found a bloodstained altar of Trog.
  6237 | D:8      | Killed an unseen horror
  6237 | D:8      | Reached ** piety under Okawaru
  6864 | D:7      | Found a glowing golden altar of the Shining One.
  7278 | D:9      | Found a shadowy altar of Dithmenos.
  7397 | D:9      | Found a staircase to the Lair.
  7469 | D:9      | Reached *** piety under Okawaru
  7535 | D:9      | Reached XP level 11. HP: 77/90 MP: 11/11
  7628 | D:9      | Reached skill level 10 in Fighting
  7903 | D:9      | Reached skill level 2 in Throwing
  7925 | D:9      | Reached **** piety under Okawaru
  7926 | D:9      | Reached skill level 3 in Throwing
  7933 | D:9      | Reached skill level 4 in Throwing
  7958 | D:9      | Reached skill level 5 in Throwing
  8331 | D:9      | Reached skill level 6 in Throwing
  8394 | D:10     | Entered Level 10 of the Dungeon
  8464 | D:10     | Reached skill level 7 in Throwing
  8495 | D:10     | Reached skill level 8 in Throwing
  8524 | D:10     | Noticed a four-headed hydra
  9001 | D:10     | Killed a four-headed hydra
  9002 | D:10     | Reached skill level 9 in Throwing
  9007 | D:10     | Reached skill level 10 in Throwing
  9008 | D:10     | Noticed a tengu warrior
  9025 | D:10     | Reached ***** piety under Okawaru
  9026 | D:10     | Killed a tengu warrior
  9070 | D:10     | Reached skill level 11 in Throwing
  9075 | D:10     | Identified the +0 pair of boots of Okawaru's Grace {rC+
                  | Str+2}
  9078 | D:10     | Noticed a tengu warrior
  9112 | D:10     | Killed a tengu warrior
  9113 | D:10     | Reached XP level 12. HP: 19/97 MP: 9/12
  9454 | D:10     | Reached skill level 12 in Throwing
  9630 | D:10     | Noticed a two-headed ogre
  9634 | D:10     | Killed a two-headed ogre
  9853 | D:10     | Noticed a centaur warrior
  9862 | D:10     | Killed a centaur warrior
  9862 | D:10     | Received a gift from Okawaru
  9882 | D:10     | Reached skill level 13 in Throwing
 10442 | D:10     | Noticed Sonja
 10449 | D:10     | Noticed a two-headed ogre
 10451 | Abyss:1  | Cast into level 1 of the Abyss (Sonja)
 10613 | Abyss:1  | Noticed a wretched star
 10623 | Abyss:1  | Killed a wretched star
 10666 | Abyss:1  | Mangled by a large abomination

Illustrated notes

Levels and vault maps discovered:
D:1:      amcnicky_arrival_underground_garden, layout_rooms
D:2:      layout_rooms, serial_shops, nicolae_shop_trees, kennysheep_donut,
          guppyfry_early_lair_pool
D:3:      layout_rooms, minmay_misc_feat_plants, uniq_crazy_yiuf_cottage,
          uniq_robin, uniq_jessica
D:4:      layout_basic, patterned_corridor, uniq_blork_the_orc
D:5:      layout_loops_ring, mainiacjoe_overflow_six_doors_small,
          nicolae_ossuary_entry_monument, nicolae_nh_ransacked_shop,
          uniq_menkaure
D:6:      minmay_flawed_box, layout_loops_ring,
          nicolae_qazlal_style_of_elements, general_overflow_altar,
          minmay_misc_feat_room, uniq_edmund
D:7:      layout_loops_ring, kennysheep_little_box,
          mainiacjoe_overflow_big_doors, minmay_temple_entry_statues_pillars
D:8:      layout_basic, hellmonk_overflow_destroyed_library,
          cheibriados_altar_1, amcnicky_altar_gilded
D:9:      layout_roguey [special_room_bee], mainiacjoe_overflow_catwalk,
          hellmonk_lair_entry_icy, serial_undead, serial_undead_e,
          serial_undead_e, serial_undead_d, serial_undead_d, serial_undead_d,
          serial_undead_f, hangedman_decor_push
D:10:     minmay_the_grid_octo_tiled_octocenter
          [minmay_the_grid_octo_checkerflower, minmay_the_grid_octo_concentric,
          minmay_the_grid_octo_77, minmay_the_grid_octo_focus,
          minmay_the_grid_octo_prize_ultimate_mussel_roller,
          minmay_the_grid_square_5x5_tie, minmay_the_grid_square_5x5_minimal,
          minmay_the_grid_square_5x5_three_walls,
          minmay_the_grid_square_5x5_bite], layout_rooms, grunt_decor_junction,
          uniq_sonja
Temple:   nicolae_temple_ecumenical_triangle
Abyss:1:  base:
D:5

Skill      XL: |  1  2  3  4  5  6  7  8  9 10 11 12 |
---------------+-------------------------------------+-----
Axes           | 4 5 6 7 9 |  9.3
Fighting       | 3 4 5 6 8 9 10 | 10.1
Maces & Flails | 1 6 9 |  9.8
Throwing       | 11 13 | 13.7
Dodging        | |  2.6

Action                     |  1- 3 |  4- 6 |  7- 9 | 10-12 || total
---------------------------+-------+-------+-------+-------++-------
  Melee: War axe           |    78 |    69 |   116 |       ||   263
         Dagger            |    70 |       |       |       ||    70
         Hand axe          |     7 |    66 |     2 |       ||    75
         Flail             |       |       |   199 |   349 ||   548
         Mace              |       |       |    86 |   352 ||   438
  Throw: Dart              |       |       |       |    33 ||    33
         Throwing net      |       |       |       |     2 ||     2
         Boomerang         |       |       |       |    11 ||    11
 Invoke: Heroism           |       |       |       |     4 ||     4
  Evoke: Wand              |       |       |     1 |       ||     1
         Lightning rod     |       |       |       |     1 ||     1
    Use: Scroll            |       |     5 |    10 |     5 ||    20
         Potion            |       |     4 |     2 |     5 ||    11
   Stab: Sleeping          |       |       |     2 |       ||     2
         Distracted        |       |       |       |     1 ||     1
 Armour: Leather armour    |    40 |    48 |    78 |   252 ||   418
         Skin              |       |    16 |     8 |       ||    24
         Steam dragon scal |       |       |    75 |       ||    75
         Scale mail        |       |       |       |   170 ||   170
  Dodge: Dodged            |    52 |    45 |   123 |   230 ||   450

Table legend: (Time is in decaauts)
 A = Elapsed time spent in this place.
 B = Non-inter-level travel time spent in this place.
 C = Inter-level travel time spent in this place.
 D = Time resting spent in this place.
 E = Time spent auto-exploring this place.
 F = Levels seen in this place.
 G = Mean time per level.
                   A        B        C        D        E       F      G
               +--------+--------+--------+--------+--------+-----+--------+
         Total |  10668 |  10177 |    491 |   1605 |   6535 |  13 |  820.6 |
       Dungeon |  10146 |   9655 |    491 |   1456 |   6328 |  10 | 1014.6 |
        Temple |     18 |     18 |      0 |      0 |      0 |   1 |   18.0 |
         Abyss |    224 |    224 |      0 |    148 |     33 |   1 |  224.0 |
       Ossuary |    278 |    278 |      0 |      0 |    174 |   1 |  278.0 |
               +--------+--------+--------+--------+--------+-----+--------+

Top non-repeatable levels by time:
     D:9: 1986 daAuts
    D:10: 1302 daAuts
     D:8: 1223 daAuts
     D:4: 1116 daAuts
     D:2: 851 daAuts
     D:5: 819 daAuts
     D:7: 794 daAuts
     D:6: 735 daAuts
     D:3: 709 daAuts
     D:1: 608 daAuts
 Ossuary: 278 daAuts
 Abyss:1: 224 daAuts
  Temple: 18 daAuts
